 Dungeon Crawl Stone Soup version 0.27.1-1-g398f81649c (webtiles) character file.

Game seed: 69360619311409809

80021 Kinoniko the Brawler (level 15, -8/187 (193) HPs)
             Began as a Demonspawn Berserker on Sept 7, 2021.
             Was a High Priest of Trog.
             Killed by drain life
             ... invoked by a soul eater
             ... summoned by an orc sorcerer
              (16 damage)
             ... on level 2 of the Orcish Mines.
             The game lasted 00:29:19 (33674 turns).

Kinoniko the Brawler (Demonspawn Berserker)        Turns: 33674, Time: 00:29:19

HP:   -8/187 (193)  AC: 15    Str: 26    XL:     15   Next: 22%
MP:   15/15         EV: 15    Int:  9    God:    Trog [*****.]
Gold: 2038          SH:  0    Dex: 14    Spells: 14/14 levels left

rFire    + . .     SeeInvis +     - Unarmed
rCold    + . .     Faith    .   (no shield)
rNeg     . . .     Spirit   .   Q - +1 ring mail of Hide-and-Seek {Fly Will+ Str+4 Stlth+}
rPois    .         Reflect  .   R - +0 helmet
rElec    .         Harm     .   L - +0 cloak
rCorr    .         Rampage  .   (gloves unavailable)
Will     +++..                  p - +1 pair of boots
Stlth    ..........             E - amulet of magic regeneration
HPRegen  0.41/turn              G - ring of protection from cold
MPRegen  0.53/turn              e - ring "Zueppeuts" {rF+ Will+ SInv}

@: berserking, lethally poisoned (-8 -> -11), flying, studying Fighting, lightly
drained, very quick
A: claws 3, rugged brown scales 2, ignite blood 2, augmentation 1, magic
regeneration
a: Renounce Religion, Berserk, Trog's Hand, Brothers in Arms


You were on level 2 of the Orcish Mines.
You worshipped Trog.
Trog was extremely pleased with you.
You visited 3 branches of the dungeon, and saw 21 of its levels.
You also visited: Bailey.

You collected 2098 gold pieces.
You spent 60 gold pieces at shops.

Inventory:

Hand Weapons
 w - a +0 whip of electrocution
 z - the +9 flail "Zutuesch" {vorpal, *Slow rN+++}
   (You found it on level 7 of the Dungeon)

   It inflicts extra damage upon your enemies.
   rN:        It renders you almost immune to negative energy.
   *Slow:     It may slow you when you take damage.
Missiles
 i - a throwing net (quivered)
Armour
 p - a +1 pair of boots (worn)
 K - a +2 tower shield
 L - a +0 cloak (worn)
 Q - the +1 ring mail of Hide-and-Seek (worn) {Fly Will+ Str+4 Stlth+}
   (You found it on level 1 of the Lair of Beasts)

   Str:       It affects your strength (+4).
   Fly:       It grants you flight.
   Will:      It increases your willpower.
   Stlth:     It makes you more stealthy.
 R - a +0 helmet (worn)
Jewellery
 e - the ring "Zueppeuts" (right claw) {rF+ Will+ SInv}
   (You found it on level 13 of the Dungeon)

   [ring of see invisible]

   rF:        It protects you from fire.
   SInv:      It lets you see invisible.
   Will:      It increases your willpower.
 o - a ring of magical power
 E - an amulet of magic regeneration (around neck)
 G - a ring of protection from cold (left claw)
 S - a +6 ring of dexterity
Wands
 a - a wand of acid (9)
 f - a wand of iceblast (11)
 v - a wand of flame (36)
 A - a wand of mindburst (33)
 D - a wand of charming (25)
 P - a wand of paralysis (12)
Scrolls
 b - a scroll of enchant armour
 n - a scroll of silence
 r - 2 scrolls of magic mapping
 s - 2 scrolls of fog
 B - 3 scrolls of enchant weapon
 H - a scroll of teleportation
 I - 4 scrolls of blinking
Potions
 c - 7 potions of berserk rage
 d - 5 potions of flight
 g - 5 potions of haste
 j - 2 potions of magic
 l - 3 potions of curing
 q - 5 potions of heal wounds
 t - 2 potions of might
 u - 2 potions of lignification {unknown}
 x - 2 potions of mutation
 F - a potion of cancellation {unknown}
 J - 4 potions of brilliance
 M - a potion of ambrosia {unknown}
 N - 4 potions of resistance


   Skills:
 + Level 13.0 Fighting
 - Level 11.4 Maces & Flails
 + Level 9.0 Armour
 + Level 9.0 Dodging
 * Level 16.3 Unarmed Combat


You had 14 spell levels left.
You didn't know any spells.
Your spell library was empty.

Dungeon Overview and Level Annotations

Branches:
Dungeon (13/15)            Temple (0/1) D:6            Lair (6/6) D:9
  Swamp (0/4) Lair:4       Spider (0/4) Lair:3        Slime (0/5) Lair:6
    Orc (2/2) D:9             Elf (0/3) Orc:2        Bailey (visited)
 Vaults: D:13-14

Altars:
Elyvilon
Makhleb
Okawaru
Trog
Wu Jian
Xom
Zin

Shops:
D:5 (   D:6 =   D:7 ?   D:12 [   Orc:2 [*:!*:

Portals:
Hell: Lair:6

Annotations:
D:3 2 runed translucent doors, qnok's ghost, amateur DgAE
D:10 2 runed translucent doors


Innate Abilities, Weirdness & Mutations

You have claws for hands.
You are mostly covered in rugged brown scales. (AC +2, +5% HP)
Your demonic aura often causes spilled blood to erupt in flames.
Your magical and physical power is slightly enhanced at high health.
You regenerate magic rapidly.


Message History

You closely miss the orc high priest.
The orc high priest is moderately wounded.
You feel sick. The sun demon closely misses you.
The orc warrior hits you but does no damage.
The orc hits you but does no damage.
The orc sorcerer gestures wildly while chanting.
You closely miss the orc high priest.
The orc high priest is moderately wounded.
You feel sick.
The orc high priest mumbles some strange prayers to Beogh against you.
Beogh smites you! The sun demon hits you!!
You are engulfed in flames!
You resist.
* * * LOW HITPOINT WARNING * * *
You claw the orc high priest!
The orc high priest is heavily wounded.
You feel sick.
The orc warrior hits you but does no damage.
The orc misses you.
You mangle the orc high priest!!
The orc high priest is almost dead.
You feel sick.
The orc high priest is engulfed in blazing flames.
You kill the orc high priest!
Trog accepts your kill.
The ice devil disappears in a puff of smoke!
The sun demon hits you!!
* * * LOW HITPOINT WARNING * * *
You are engulfed in flames!
You resist.
* * * LOW HITPOINT WARNING * * *
Unknown command.
You feel sick.
The orc is engulfed in blazing flames.
You kill the orc!
Trog accepts your kill. The orc sorcerer casts a spell at you.
The bolt of negative energy hits you!
You feel drained.
* * * LOW HITPOINT WARNING * * *
The bolt of negative energy hits the sun demon.
The sun demon completely resists.
The ice devil closely misses you.
The soul eater draws from the surrounding life force!
You die...

#∩....∩#.....#..)..#..
##......####....)......
#...÷..÷.# #...........
#.....÷..# #...........
#....°..÷###...........
#.....☼...##..)...#.##>
#.....○☼☼.##....##...##
#...§3☼o##.[[.## #.##
##..3@####)[.## ##
#..)o4##....#
###.).)[...##
##......## ###...##
#####


You could see a soul eater (summoned), a sun demon (summoned), an ice devil
(summoned), an orc sorcerer and an orc warrior.

Vanquished Creatures
  Kirke (Lair:6)
  Nessos (D:13)
  A dire elephant (Lair:6)
  An ettin (Orc:2)
  Josephine (Lair:4)
  A two-headed ogre (D:11)
  11 hydras
  Erica (D:9)
  A catoblepas (Lair:4)
  7 death yaks
  Urug (D:12)
  3 orc high priests (Orc:2)
  A sun demon (Lair:6)
  4 skeletal warriors (D:12)
  4 orc knights (Orc:2)
  A deep elf pyromancer (D:12)
  2 orc sorcerers (Orc:2)
  An elephant (Lair:6)
  A cyclops (Orc:2)
  A manticore (D:12)
  2 ugly things (D:13)
  10 black mambas
  Maurice (D:9)
  3 orange demons (Lair:6)
  Maggie (D:6)
  A human (Lair:6)
  2 gargoyles
  18 cane toads
  7 rime drakes
  An ice devil (Lair:6)
  An unseen horror (D:13)
  16 komodo dragons
  A hellwing (Lair:6)
  4 trolls
  A polar bear (Lair:6)
  2 hornets
  2 jumping spiders (Lair:3)
  22 blink frogs
  5 dream sheep (Lair:4)
  A vampire (D:12)
  Sigmund (D:6)
  2 redbacks (Lair:3)
  A shadow (D:10)
  8 wraiths
  83 yaks
  2 wyverns
  3 basilisks
  5 steam dragons
  A vampire mosquito (D:10)
  3 hell hounds (Lair:6)
  18 water moccasins
  2 ice beasts (D:7)
  3 sky beasts (D:10)
  14 orc warriors
  6 black bears
  A necrophage (D:7)
  4 ogres
  24 wolves
  4 centaurs
  3 kobold brigands
  A phantom (D:6)
  Blork the orc (D:6)
  15 bullfrogs
  7 scorpions
  A water moccasin zombie (D:5)
  A water moccasin skeleton (D:5)
  3 killer bees (D:11)
  5 electric eels
  3 howler monkeys (D:9)
  6 wights (D:9)
  2 centaur zombies (D:10)
  3 hounds
  A bullfrog skeleton (D:7)
  2 centaur skeletons (D:7)
  5 jellies
  9 orc priests
  3 iguanas
  30 orc wizards
  6 hell rats (Lair:6)
  A killer bee zombie (D:8)
  A hound zombie (D:5)
  3 adders
  13 gnolls
  A worm (D:2)
  2 dart slugs
  59 orcs
  7 ball pythons
  13 endoplasms
  3 giant cockroaches
  38 goblins
  19 hobgoblins
  7 jackals
  27 kobolds
  3 quokkas
  5 bats
  4 frilled lizards
  3 rats
  A fungus (Lair:6)
648 creatures vanquished.

Vanquished Creatures (collateral kills)
  A death yak (Lair:6)
  A skeletal warrior (D:12)
  An orange demon (Lair:6)
  A red devil (Lair:6)
  A yak (Lair:6)
  An orc wizard (D:12)
6 creatures vanquished.

Vanquished Creatures (others)
  A wizard (Lair:6)
  4 humans (Lair:6)
  A yak (Lair:6)
  A water moccasin (Lair:6)
  A hell hound (Lair:6)
  An orc wizard (Orc:2)
  A bush (Lair:6)
  80 fungi
  101 plants
191 creatures vanquished.

Grand Total: 845 creatures vanquished

Notes
Turn   | Place    | Note
-------+----------+-------------------------------------------
     0 | D:1      | Kinoniko the Demonspawn Berserker began the quest for the
                  | Orb.
     0 | D:1      | Reached XP level 1. HP: 18/18 MP: 1/1
   205 | D:1      | Gained mutation: Your demonic aura sometimes causes spilled
                  | blood to erupt in flames. [demonic ancestry]
   205 | D:1      | Reached XP level 2. HP: 10/24 MP: 2/2
   417 | D:1      | Found a faded altar of an unknown god.
  1341 | D:2      | Gained mutation: You have sharp fingernails. [demonic
                  | ancestry]
  1341 | D:2      | Reached XP level 3. HP: 29/29 MP: 3/3
  1534 | D:2      | Reached ** piety under Trog
  1644 | D:2      | Gained mutation: You are partially covered in rugged brown
                  | scales. (AC +1, +3% HP) [demonic ancestry]
  1644 | D:2      | Reached XP level 4. HP: 36/36 MP: 4/4
  2040 | D:3      | Found a runed translucent door.
  2045 | D:3      | Noticed qnok's ghost (amateur DgAE)
  2089 | D:3      | Found a runed translucent door.
  2532 | D:3      | Found an iron altar of Okawaru.
  2538 | D:3      | Found a bloodstained altar of Trog.
  2539 | D:3      | Found an ornate altar of the Wu Jian Council.
  2834 | D:3      | Reached skill level 5 in Maces & Flails
  3084 | D:4      | Gained mutation: Your demonic aura often causes spilled
                  | blood to erupt in flames. [demonic ancestry]
  3084 | D:4      | Reached XP level 5. HP: 25/42 MP: 5/5
  3317 | D:4      | Noticed a centaur
  3329 | D:4      | Killed a centaur
  3330 | D:4      | Gained mutation: You regenerate magic rapidly. [demonic
                  | ancestry]
  3330 | D:4      | Reached XP level 6. HP: 48/48 MP: 6/6
  4444 | D:5      | Entered Level 5 of the Dungeon
  4538 | D:5      | Reached XP level 7. HP: 34/53 MP: 7/7
  4662 | D:5      | Reached *** piety under Trog
  4759 | D:5      | Found Peduboa's Antique Weapon Shoppe.
  5768 | D:5      | Gained mutation: You have very sharp fingernails. [demonic
                  | ancestry]
  5768 | D:5      | Reached XP level 8. HP: 59/59 MP: 8/8
  6221 | D:6      | Noticed Blork the orc
  6222 | D:6      | Noticed Maggie
  6230 | D:6      | Killed Blork the orc
  6231 | D:6      | Reached skill level 1 in Unarmed Combat
  6239 | D:6      | Killed Maggie
  6240 | D:6      | Reached skill level 2 in Unarmed Combat
  6624 | D:6      | Reached skill level 3 in Unarmed Combat
  7001 | D:6      | Reached **** piety under Trog
  7209 | D:6      | Reached skill level 10 in Maces & Flails
  7421 | D:6      | Found Jibigoum's Jewellery Shoppe.
  7436 | D:6      | Found a staircase to the Ecumenical Temple.
  7466 | D:6      | Reached skill level 4 in Unarmed Combat
  7755 | D:6      | HP: 3/88 [electric eel/bolt of electricity (8)]
  7758 | D:6      | Gained mutation: You have claws for hands. [demonic
                  | ancestry]
  7758 | D:6      | Reached XP level 9. HP: 4/64 MP: 9/9
  8476 | D:6      | Noticed Sigmund
  8481 | D:6      | Killed Sigmund
  8591 | D:7      | Reached skill level 5 in Unarmed Combat
  8602 | D:7      | Reached ***** piety under Trog
  8859 | D:7      | Found a flagged portal.
  8889 | Bailey   | Entered a bailey
  9055 | D:7      | Identified the +9 flail "Zutuesch" {vorpal, *Slow rN+++}
  9138 | D:7      | Found a shimmering altar of Xom.
  9381 | D:7      | Found Gibb's Magic Scroll Emporium.
  9921 | D:8      | Reached skill level 6 in Unarmed Combat
 10305 | D:8      | Identified the +7 hand axe of Goytue {pain, rElec Str+2}
 10515 | D:8      | Reached skill level 7 in Unarmed Combat
 10515 | D:8      | Reached XP level 10. HP: 61/72 MP: 10/10
 10910 | D:9      | Noticed Maurice
 10928 | D:9      | Killed Maurice
 10929 | D:9      | Reached skill level 8 in Unarmed Combat
 11149 | D:9      | Reached skill level 9 in Unarmed Combat
 11165 | D:9      | Found a staircase to the Lair.
 11295 | D:9      | Noticed Erica
 11694 | D:9      | Reached skill level 10 in Unarmed Combat
 11893 | D:9      | Killed Erica
 12173 | D:9      | Identified the +8 dagger "Hor Lell" {freeze, rC+ Dex+3
                  | SInv}
 12195 | D:9      | Received a gift from Trog
 12794 | D:10     | Entered Level 10 of the Dungeon
 12909 | D:10     | Gained mutation: You are mostly covered in rugged brown
                  | scales. (AC +2, +5% HP) [demonic ancestry]
 12909 | D:10     | Reached XP level 11. HP: 67/77 MP: 11/11
 12917 | D:10     | HP: 5/117 [vampire mosquito (10)]
 12921 | D:10     | HP: 1/78 [poisoned by a hornet]
 12927 | D:10     | Reached skill level 11 in Unarmed Combat
 13496 | D:10     | Found a runed translucent door.
 13496 | D:10     | Found a runed translucent door.
 13496 | D:10     | Noticed a catoblepas
 14034 | D:10     | Reached skill level 12 in Unarmed Combat
 15185 | D:11     | Noticed a two-headed ogre
 15203 | D:11     | Killed a two-headed ogre
 16217 | D:12     | Noticed a skeletal warrior
 16217 | D:12     | Noticed a skeletal warrior
 16230 | D:12     | Killed a skeletal warrior
 16240 | D:12     | Killed a skeletal warrior
 16601 | D:12     | Noticed a skeletal warrior
 16616 | D:12     | Killed a skeletal warrior
 16876 | D:12     | Noticed a skeletal warrior
 16878 | D:12     | Noticed a skeletal warrior
 16894 | D:12     | Killed a skeletal warrior
 16895 | D:12     | Reached XP level 12. HP: 60/89 MP: 12/12
 16908 | D:12     | Reached skill level 5 in Fighting
 17265 | D:12     | Noticed Urug
 17274 | D:12     | Killed Urug
 17617 | D:12     | Identified a scroll of acquirement
 17618 | D:12     | Acquired a manual of Fighting
 17647 | D:12     | Reached skill level 13 in Unarmed Combat
 17925 | D:12     | Found Silyefah's Armour Emporium.
 18749 | Lair:1   | Entered Level 1 of the Lair of Beasts
 19072 | D:9      | HP: 6/139 [wolf (9)]
 19776 | Lair:1   | Reached skill level 5 in Armour
 19776 | Lair:1   | Reached skill level 5 in Dodging
 19890 | Lair:1   | Identified the +1 ring mail of Hide-and-Seek {Fly Will+
                  | Str+4 Stlth+}
 20378 | Lair:1   | Noticed a six-headed hydra
 20388 | Lair:1   | Killed a 13-headed hydra
 20862 | Lair:1   | Identified the +2 quarterstaff "Comumoh" {flame, Dex+2}
                  | (Trog gifted it to you on level 1 of the Lair of Beasts)
 20862 | Lair:1   | Received a gift from Trog
 21156 | Lair:2   | Gained mutation: Your magical and physical power is
                  | slightly enhanced at high health. [demonic ancestry]
 21156 | Lair:2   | Reached XP level 13. HP: 98/102 MP: 13/13
 22018 | Lair:2   | Reached skill level 14 in Unarmed Combat
 22797 | Lair:3   | Found a hole to the Spider Nest.
 24882 | Lair:4   | Reached skill level 10 in Fighting
 25329 | Lair:4   | Identified the +9 mace of Lepiub {flame, rC+ Stlth+} (Trog
                  | gifted it to you on level 4 of the Lair of Beasts)
 25329 | Lair:4   | Received a gift from Trog
 25338 | Lair:4   | Noticed Josephine
 25343 | Lair:4   | Killed Josephine
 25679 | Lair:4   | Found a staircase to the Swamp.
 26050 | Lair:5   | Reached XP level 14. HP: 40/116 MP: 14/14
 26054 | Lair:5   | Reached skill level 15 in Unarmed Combat
 27651 | Lair:6   | Entered Level 6 of the Lair of Beasts
 28522 | Lair:6   | Noticed Kirke
 28532 | Lair:6   | Killed Kirke
 29030 | Lair:6   | Found a staircase to the Slime Pits.
 30188 | Lair:6   | Reached skill level 16 in Unarmed Combat
 30297 | Lair:6   | Found a burning altar of Makhleb.
 30303 | Lair:6   | Found a gateway to Hell.
 30919 | D:13     | Noticed Nessos
 30926 | D:13     | Killed Nessos
 31248 | D:13     | Reached XP level 15. HP: 128/128 MP: 15/15
 31392 | D:13     | Identified the ring "Zueppeuts" {rF+ Will+ SInv}
 31947 | D:9      | Found a staircase to the Orcish Mines.
 32109 | Orc:1    | Entered Level 1 of the Orcish Mines
 32199 | Orc:2    | Entered Level 2 of the Orcish Mines
 32199 | Orc:2    | Found Cewoerch's Book Boutique.
 32407 | Orc:2    | Found Qacvukick's Distillery.
 32419 | Orc:2    | Found a staircase to the Elven Halls.
 32520 | Orc:2    | Found Geraicw's General Store.
 32975 | Orc:2    | Found Wedwoh's Book Emporium.
 33631 | Orc:2    | Bought a potion of heal wounds for 60 gold pieces
 33669 | Orc:2    | Found Taeweq's General Store.
 33669 | Orc:2    | Found Ranepoig's Antique Armour Shop.
 33674 | Orc:2    | HP: 8/187 [orc sorcerer/bolt of negative energy (15)]
 33674 | Orc:2    | Killed from afar by a soul eater

Illustrated notes

Levels and vault maps discovered:
D:1:      lemuel_arrival_muddy, layout_loops_ring,
          shapermc_ecumenical_altar_starsandcircs, minmay_misc_feat_x
D:2:      layout_rooms
D:3:      layout_basic, chequers_temple_overflow_statue_of_worship,
          ebering_ghost_sewer_f, roderic_roman_lattice
D:4:      layout_basic
D:5:      layout_loops_ring, serial_shops, nicolae_take_the_stairs
D:6:      minmay_goblin_kobold_castle, layout_basic, minmay_temple_entry_glass,
          serial_shops, shop, uniq_sigmund, uniq_crazy_yiuf_cottage,
          uniq_blork_the_orc, uniq_maggie
D:7:      layout_basic, dk_xom_monty_hall, serial_shops,
          nicolae_inconvenience_store, enter_bailey_3
D:8:      cheibrodos_steamvent, layout_loops_ring
D:9:      layout_stronghold, due_lair_maze_entry_diamond, erik_orc_2,
          uniq_erica, uniq_maurice
D:10:     minmay_the_grid_triangle_9x9_rhombus_full
          [minmay_the_grid_triangle_9x9_odd_lines,
          minmay_the_grid_triangle_9x9_tough_junction,
          minmay_the_grid_triangle_9x9_sparse_checkered,
          minmay_the_grid_triangle_9x9_steps,
          minmay_the_grid_triangle_9x9_semitri,
          minmay_the_grid_triangle_9x9_flanged_cone,
          minmay_the_grid_triangle_9x9_empty,
          minmay_the_grid_triangle_9x9_prize_schism], layout_stronghold,
          elyvilon_altar_5, hangedman_misty_isle
D:11:     layout_loops_cross
D:12:     layout_loops_cross, nicolae_stop_n_shop_1, uniq_urug
D:13:     layout_cross, minivault_11, uniq_nessos
Lair:1:   layout_cave_shapes, serial_bayou_pond_e, columned_hall_lemuel,
          grunt_forest_large_clearings, lemuel_fruit_fields
Lair:2:   layout_regular_city, chequers_serial_rivers_large_a,
          grunt_megastairs_2
Lair:3:   layout_cave_pods, spider_nest_entry_a, serial_bayou_shore_b,
          grunt_megastairs_1
Lair:4:   layout_roguey, minmay_swamp_entry_worms, serial_bayou_shore_b,
          serial_bayou_shore_b, uniq_josephine
Lair:5:   layout_gridlike, nicolae_quartered_pool_medium
Lair:6:   evil_forest, layout_regular_city, nicolae_slime_entry_slimehenge,
          basic_altar, lemuel_fruit_tree, uniq_kirke
Orc:1:    layout_diamond_mine
Orc:2:    grunt_orc_tribal_feast, layout_diamond_mine, serial_shops,
          nicolae_lakefront_shop, nicolae_shop_stone, nicolae_shop_trees,
          shop_fountains, shop, abandoned_shop, nicolae_orc_damp_corner

Skill      XL: |  1  2  3  4  5  6  7  8  9 10 11 12 13 14 15 |
---------------+----------------------------------------------+-----
Maces & Flails | 3 4 5 6 7 9 10 11 | 11.4
Unarmed Combat | 4 7 10 12 13 14 16 | 16.3
Armour         | 3 5 7 8 9 |  9.0
Dodging        | 3 5 7 8 9 |  9.0
Fighting       | 4 8 10 12 13 | 13.0

Action                   |  1- 3 |  4- 6 |  7- 9 | 10-12 | 13-15 || total
-------------------------+-------+-------+-------+-------+-------++-------
Melee: Mace              |    93 |    81 |       |       |       ||   174
       Flail             |       |    61 |   289 |     6 |       ||   356
       Whip              |       |       |   131 |       |       ||   131
       Punch             |       |       |    11 |    29 |    57 ||    97
       Unarmed           |       |       |       |   536 |   600 ||  1136
Invok: Berserk           |     3 |     2 |    17 |    25 |    28 ||    75
       Trog's Hand       |       |       |     1 |     4 |     2 ||     7
       Brothers in Arms  |       |       |       |     2 |     3 ||     5
  Use: Scroll            |       |     8 |     2 |    10 |    12 ||    32
       Potion            |       |       |       |     3 |     2 ||     5
 Stab: Sleeping          |       |       |       |     1 |     3 ||     4
       Distracted        |       |       |       |       |     1 ||     1
Armor: Animal skin       |     6 |       |       |       |       ||     6
       Scale mail        |    28 |    70 |   118 |       |       ||   216
       Chain mail        |       |       |    16 |       |       ||    16
       Steam dragon scal |       |       |     4 |   101 |       ||   105
       Plate armour      |       |       |       |   121 |       ||   121
       Ring mail         |       |       |       |    22 |   222 ||   244
Dodge: Dodged            |    58 |    83 |   152 |   261 |   321 ||   875
